AoeStats
← sjarobinson1

Arena

504007555Analyzed
4v4 RM · 28d ago on Sep 3, 2026· 85m 57s· 8 players
Game mode
Random Map
Map size
Large (8 player)
Population
200
Speed
Normal
Resources
Standard
Victory
Conquest
Starting age
Dark Age
Ending age
Imperial Age
RankedLock teamsTeams togetherTeam positionsShared explorationLock speedFull tech treeHidden civsTurbo modeCheats
Victory
Defeat
🇹🇭 Khitans · Thailand
1046
+13
🇹🇼 Britons · Taiwan
969
+17
🇯🇵 Magyars · Japan
960
+17
🇹🇭 Goths · Thailand
868
+61
🇨🇳 Magyars · China
1004
-18
🇨🇳 Franks · China
1004
-18
🇦🇺 Poles · Australia
1000
-55
🇺🇸 Teutons · United States
925
-14
SIIIPz1655
14:37 Feudal Age
16:13 Wheelbarrow
20:50 Castle Age
25:38 Hand Cart
25:33 Scale Mail Armor
28:26 Imperial Age
27:35 Chain Mail Armor
34:28 Elite Huskarl
35:49 Scale Barding Armor
35:57 Forging
36:52 Ballistics
41:59 Chain Barding Armor
53:09 Iron Casting
60:31 Pikeman
62:30 Pikeman
63:12 Squires
63:27 Halberdier
kagemusha
11:04 Feudal Age
16:54 Castle Age
14:41 Loom
14:56 Double-Bit Axe
15:36 Stone Mining
15:30 Horse Collar
17:28 Wheelbarrow
17:51 Bow Saw
20:14 Gold Mining
26:21 Town Watch
26:51 Heavy Plow
28:01 Hand Cart
31:44 Imperial Age
30:54 Scale Barding Armor
30:40 Fletching
31:56 Capped Ram
32:59 Conscription
33:07 Chain Barding Armor
32:44 Bodkin Arrow
33:00 Elite Magyar Huszar
33:53 Corvinian Army
34:00 Corvinian Army
37:49 Pikeman
39:23 Plate Barding Armor
38:49 Scale Mail Armor
38:49 Bracer
39:26 Halberdier
42:55 Man-at-Arms
43:22 Arson
43:54 Chain Mail Armor
43:55 Long Swordsman
44:22 Two-Handed Swordsman
45:43 Champion
49:03 Recurve Bow
57:12 Two-Man Saw
58:55 Padded Archer Armor
60:05 Parthian Tactics
61:30 Thumb Ring
60:48 Heavy Cavalry Archer
61:55 Leather Archer Armor
62:11 Ballistics
69:00 Elite Skirmisher
75:47 Ring Archer Armor
77:47 Crop Rotation
85:04 Spies/Treason
85:15 Spies/Treason
AURA MONSTER
10:51 Feudal Age
15:12 Castle Age
13:33 Double-Bit Axe
17:04 Bow Saw
16:49 Domestication
19:04 Pastoralism
22:52 Fervor
24:04 Wheelbarrow
23:57 Loom
24:01 Town Watch
25:35 Hand Cart
29:26 Imperial Age
26:59 Scale Mail Armor
26:56 Fletching
26:30 Elite Skirmisher
28:31 Lamellar Armor
28:42 Forging
28:28 Gold Mining
28:30 Stone Mining
30:04 Ballistics
30:02 Chain Mail Armor
30:36 Guilds
30:41 Squires
30:29 Arson
31:18 Plate Mail Armor
30:46 Bodkin Arrow
31:34 Iron Casting
31:18 Elite Liao Dao
32:04 Padded Archer Armor
32:28 Conscription
33:48 Stone Shaft Mining
34:00 Bracer
35:12 Chemistry
34:08 Pikeman
35:30 Leather Archer Armor
36:12 Fortified Wall
36:12 Scale Barding Armor
36:41 Ring Archer Armor
36:17 Scale Barding Armor
36:16 Caravan
45:58 Two-Man Saw
59:51 Transhumance
68:20 Gambesons
67:56 Elite Fire Lancer
70:41 Town Patrol
72:05 Capped Ram
75:08 Masonry
82:11 Treadmill Crane
82:38 Siege Engineers
82:46 Thumb Ring
82:07 Crossbowman
84:10 Spies/Treason
85:57 Chain Barding Armor
85:32 Guard Tower
86:14 Parthian Tactics
85:19 Heavy Cavalry Archer
85:23 Man-at-Arms
86:12 Husbandry
85:34 Light Cavalry
85:35 Heavy Camel Rider
85:38 Siege Ram
Tranquil
10:33 Feudal Age
8:53 Loom
16:41 Castle Age
16:28 Wheelbarrow
15:40 Double-Bit Axe
15:37 Horse Collar
17:50 Bow Saw
19:03 Stone Mining
20:05 Padded Archer Armor
20:56 Gold Mining
23:01 Gold Shaft Mining
24:32 Fletching
27:38 Hand Cart
27:24 Bodkin Arrow
27:44 Leather Archer Armor
28:37 Yeomen
31:36 Pikeman
32:16 Squires
32:02 Arson
34:49 Imperial Age
34:52 Forging
34:43 Scale Mail Armor
35:06 Ballistics
34:58 Fortified Wall
34:28 Treadmill Crane
34:58 Masonry
36:50 Chemistry
35:26 Elite Longbowman
40:22 Two-Man Saw
39:26 Town Watch
39:44 Heavy Plow
40:19 Capped Ram
41:38 Architecture
41:04 Murder Holes
44:28 Halberdier
58:10 Bracer
78:51 Ring Archer Armor
78:37 Chain Mail Armor
78:57 Iron Casting
81:03 Siege Engineers
80:50 Guard Tower
80:46 Arrowslits
sjarobinson1
8:26 Loom
10:25 Feudal Age
12:44 Double-Bit Axe
12:43 Horse Collar
15:31 Wheelbarrow
20:22 Castle Age
20:53 Light Cavalry
21:54 Forging
22:21 Husbandry
23:34 Bow Saw
23:12 Town Watch
23:38 Scale Barding Armor
23:36 Heavy Plow
23:32 Gold Mining
26:55 Bloodlines
32:18 Imperial Age
31:00 Szlachta Privileges
32:06 Hand Cart
33:07 Iron Casting
35:10 Cavalier
39:03 Blast Furnace
38:24 Chain Barding Armor
39:06 Town Patrol
39:54 Fletching
40:44 Thumb Ring
40:00 Crossbowman
41:57 Conscription
42:02 Arbalester
43:03 Bodkin Arrow
43:09 Padded Archer Armor
45:36 Bracer
54:02 Coinage
63:44 Fortified Wall
63:58 Ballistics
66:46 Crop Rotation
69:51 Winged Hussar
relax
11:18 Feudal Age
10:16 Loom
12:48 Double-Bit Axe
15:15 Castle Age
13:10 Horse Collar
16:06 Wheelbarrow
16:34 Bow Saw
21:12 Heavy Plow
21:33 Gold Mining
22:55 Hand Cart
23:30 Gold Shaft Mining
25:16 Town Watch
25:48 Scale Barding Armor
25:58 Stone Mining
28:52 Imperial Age
26:41 Bloodlines
26:31 Husbandry
25:57 Light Cavalry
28:09 Chain Barding Armor
27:59 Treadmill Crane
28:58 Cavalier
31:06 Plate Barding Armor
31:48 Crop Rotation
32:21 Two-Man Saw
31:16 Paladin
34:18 Conscription
34:32 Hussar
40:32 Siege Engineers
40:41 Masonry
41:45 Corvinian Army
43:07 Fletching
43:47 Padded Archer Armor
44:38 Thumb Ring
44:59 Parthian Tactics
45:08 Leather Archer Armor
45:13 Bodkin Arrow
45:21 Bodkin Arrow
45:46 Heavy Cavalry Archer
47:10 Bracer
49:33 Ballistics
50:13 Chemistry
50:03 Recurve Bow
52:37 Caravan
75:35 Ring Archer Armor
77:41 Hoardings
.:sTeeL:.
5:51 Loom
12:21 Feudal Age
16:51 Castle Age
14:41 Double-Bit Axe
14:45 Horse Collar
17:03 Wheelbarrow
16:21 Gold Mining
16:23 Stone Mining
17:46 Heavy Plow
18:00 Bow Saw
18:30 Stone Shaft Mining
19:49 Hand Cart
19:23 Town Watch
31:57 Imperial Age
31:36 Fletching
31:58 Forging
31:55 Scale Barding Armor
32:15 Bodkin Arrow
32:36 Forging
33:21 Guilds
34:03 Ballistics
34:50 Two-Man Saw
34:24 Crop Rotation
34:55 Conscription
34:53 Masonry
36:04 Chemistry
36:00 Hoardings
37:31 Iron Casting
37:02 Scale Barding Armor
38:10 Fortified Wall
38:28 Cavalier
39:19 Bloodlines
40:55 Blast Furnace
40:17 Chain Barding Armor
39:31 Paladin
42:47 Caravan
43:18 Coinage
43:35 Plate Barding Armor
43:01 Scale Mail Armor
43:02 Padded Archer Armor
44:48 Bombard Tower
44:32 Town Patrol
46:30 Elite Teutonic Knight
50:02 Crenellations
51:14 Siege Engineers
51:21 Clinker Construction
51:02 Guard Tower
62:24 Squires
62:11 Gambesons
62:11 Arson
62:49 Chain Mail Armor
62:53 Leather Archer Armor
64:05 Plate Mail Armor
63:54 Leather Archer Armor
65:25 Arrowslits
66:20 Keep
66:08 Carvel Hull
笨手笨脚还爱玩
0:28 Loom
11:59 Feudal Age
16:49 Castle Age
15:21 Double-Bit Axe
23:46 Wheelbarrow
26:17 Hand Cart
26:44 Bow Saw
32:16 Imperial Age
30:19 Squires
30:27 Scale Barding Armor
30:15 Fletching
31:30 Chain Barding Armor
31:20 Forging
30:59 Arson
31:45 Ballistics
33:06 Masonry
33:08 Fortified Wall
34:23 Plate Barding Armor
33:45 Bodkin Arrow
33:50 Padded Archer Armor
34:41 Conscription
34:06 Cavalier
34:46 Husbandry
37:02 Chemistry
36:33 Architecture
36:00 Murder Holes
41:22 Pikeman
42:35 Forging
42:41 Leather Archer Armor
42:15 Elite Skirmisher
43:01 Scale Mail Armor
44:08 Paladin
47:27 Caravan
50:18 Light Cavalry
52:12 Halberdier
53:13 Chain Mail Armor
53:34 Iron Casting
58:43 Plate Mail Armor
59:27 Blast Furnace
Connection lost

Rejoining the realm…

Still unreachable

The connection could not be restored.

Session expired

The server has moved on; the page needs a fresh start.